AoeStats
← 大皮卡

Arabia

502909005Analyzed
1v1 RM · 12d ago on Aug 29, 2026· 20m 40s· 2 players
Game mode
Random Map
Map size
Tiny (2 player)
Population
200
Speed
Normal
Resources
Standard
Victory
Conquest
Starting age
Dark Age
Ending age
Imperial Age
RankedLock teamsTeams togetherTeam positionsShared explorationLock speedFull tech treeHidden civsTurbo modeCheats
Victory
Defeat
🇵🇪 Celts · Peru
1170
+16
🇹🇼 Armenians · Taiwan
1164
-16
大皮卡
5:03 Loom
5:14 Loom
11:01 Feudal Age
12:04 Horse Collar
12:44 Man-at-Arms
15:10 Long Swordsman
17:45 Scale Mail Armor
18:49 Double-Bit Axe
...
6:40 Loom
9:30 Feudal Age
17:08 Castle Age
Connection lost

Rejoining the realm…

Still unreachable

The connection could not be restored.

Session expired

The server has moved on; the page needs a fresh start.